 Dungeon Crawl Stone Soup version 0.31-a0-1183-gd88bbb8b4d (webtiles) character file.

Game seed: 359675237491904081

218 qw the Shooter (level 5, -2/33 HPs)
             Began as a Gargoyle Hunter on Dec 11, 2023.
             Slain by a gnoll
             ... wielding a +0 spear
              (6 damage)
             ... on level 4 of the Dungeon.
             The game lasted 00:00:50 (2340 turns).

qw the Shooter (Gargoyle Hunter)                    Turns: 2340, Time: 00:00:50

Health: -2/33      AC:  9    Str: 14    XL:     5   Next: 95%
Magic:  5/5        EV: 12    Int: 12    God:
Gold:   40         SH:  0    Dex: 15    Spells: 4/4 levels left

rFire   + + .        a - +0 shortbow (heavy)
rCold   x . .        (shield currently unavailable)
rNeg    + + +        b - +1 robe {rF+}
rPois   inf          (no helmet)
rElec   +            h - +0 cloak
rCorr   .            d - +0 pair of gloves
SInv    .            (no boots)
Will    .....        (no amulet)
Stlth   ++           e - ring of Bethrad {Fire Fly rN++ Will- Int+2}
HPRegen 0.25/turn    (no ring)
MPRegen 0.09/turn

%: no passive effects
@: flying
A: sickness immunity, AC +4, negative energy resistance 1, electricity
resistance, torment resistance 1, petrification resistance
a: no special abilities


You were on level 4 of the Dungeon.
You visited 1 branch of the dungeon, and saw 4 of its levels.

You collected 185 gold pieces.
You spent 145 gold pieces at shops.


Innate Abilities, Weirdness & Mutations

You are immune to sickness and miasma.
Your stone body is resilient. (AC +4)
You are immune to poison.
You resist negative energy. (rN+)
You are resistant to electric shocks. (rElec)
You are resistant to unholy torment.
You are immune to petrification.


   Skills:
 + Level 3.8 Fighting
 - Level 6.0 Ranged Weapons
 - Level 1.5 Armour
 - Level 1.5 Dodging
 - Level 1.1 Stealth


You had 4 spell levels left.
You didn't know any spells.
Your spell library was empty.

Inventory:

Hand Weapons
 a - a +0 heavy shortbow (weapon)
Armour
 b - a +1 robe of fire resistance (worn)
 d - a +0 pair of gloves (worn)
 h - a +0 cloak (worn)
 i - a +0 ring mail
Jewellery
 e - the ring of Bethrad (left hand) {Fire Fly rN++ Will- Int+2}
   (You bought it in a shop on level 3 of the Dungeon)

   [ring of fire]

   Fire:      It enhances your fire magic.
   Int+2:     It affects your intelligence (+2).
   rF+:       It protects you from fire.
   rC-:       It makes you vulnerable to cold.
   rN++:      It greatly protects you from negative energy.
   Will-:     It decreases your willpower.
   Fly:       It grants you flight.
Potions
 c - a potion of curing
 f - 2 potions of mutation

Dungeon Overview and Level Annotations

Branches:
Dungeon (4/15)
 Temple: D:4-7

Altars:
Elyvilon
Zin
The Shining One

Shops:
D:3 !(*


Message History

The adder is severely wounded.
The adder bites you but does no damage. The ball python barely misses you.
The ball python closely misses you. The gnoll closely misses you.
The adder barely misses you. The ball python misses you. x2
The gnoll hits you but does no damage.
You shoot an arrow. The arrow misses the adder.
The adder barely misses you. The ball python completely misses you.
The ball python grabs you. The ball python constricts you.
The adder bites you but does no damage. The gnoll closely misses you.
The ball python barely misses you. The ball python constricts you.
The adder bites you but does no damage.
You shoot an arrow. The arrow hits the ball python!
You kill the ball python!
The gnoll hits you but does no damage. The adder bites you but does no damage.
The gnoll hits you from afar with a +0 spear.
The iguana bites you but does no damage.
The adder bites you but does no damage.
You shoot an arrow. The arrow closely misses the adder.
The adder bites you but does no damage. The gnoll barely misses you.
The iguana closely misses you. The adder closely misses you.
You shoot an arrow. The arrow hits the adder.
You kill the adder!
The gnoll hits you from afar with a +0 spear.
The iguana barely misses you. The gnoll barely misses you.
The iguana bites you.
You shoot an arrow. The arrow hits the iguana.
The iguana is moderately wounded.
The gnoll hits you from afar with a +0 spear.
The iguana barely misses you.
The gnoll hits you from afar with a +0 spear!
The iguana barely misses you.
You shoot an arrow.
The arrow hits the iguana but does no damage.
The iguana is moderately wounded.
The gnoll closely misses you. The iguana bites you!
You shoot an arrow. The arrow closely misses the iguana.
The arrow barely misses the gnoll.
The gnoll misses you.
The iguana bites you but does no damage.
The gnoll hits you from afar with a +0 spear.
You die...

### ##@## ### ##.l%#
###.###..g.#
##..........# # .
#..........)#.#....
###................#
#.........##.........
###....#..##.........
#.#....##.......##l..


You could see an iguana and a gnoll.

Vanquished Creatures
  An orc priest (D:4)
  An orc wizard (D:3)
  4 adders
  7 gnolls
  A dart slug (D:1)
  8 orcs
  3 endoplasms
  A giant cockroach (D:3)
  3 goblins
  5 hobgoblins
  4 kobolds
  2 quokkas (D:1)
  6 ball pythons
  4 bats
  5 frilled lizards
  4 rats
59 creatures vanquished.

Notes
Turn   | Place    | Note
-------+----------+-------------------------------------------
     0 | D:1      | qw the Gargoyle Hunter began the quest for the Orb.
     0 | D:1      | Reached XP level 1. HP: 12/12 MP: 1/1
     0 | D:1      | 0 ||| qw: Version: 0.3-a-106-g2cfff9e
     0 | D:1      | 0 ||| qw: Game counter: 2079
     0 | D:1      | 0 ||| qw: Melee chars always use a shield: true
     0 | D:1      | 0 ||| qw: God list: Okawaru
     0 | D:1      | 0 ||| qw: Allow faded altars: false
     0 | D:1      | 0 ||| qw: Do Orc after clearing Dungeon:15 true
     0 | D:1      | 0 ||| qw: Do second Lair branch before Depths: true
     0 | D:1      | 0 ||| qw: Lair rune preference: random
     0 | D:1      | 0 ||| qw: Goals: Normal, Save, Zot:1-4, Win
     0 | D:1      | 0 ||| PLANNING D:1-11
     9 | D:1      | You fall into a shaft and drop 1 floor!
    87 | D:2      | 87 ||| UPGRADING to +0 pair of gloves.
    92 | D:2      | 92 ||| READING scroll labelled XOTTOGH QEJIR.
   193 | D:2      | 193 ||| DROPPING scroll of butterflies.
   528 | D:1      | Reached XP level 2. HP: 16/17 MP: 2/2
   601 | D:1      | Found a faded altar of an unknown god.
   819 | D:1      | 819 ||| UPGRADING to +1 robe of fire resistance.
   829 | D:1      | 829 ||| DROPPING +0 leather armour.
   830 | D:1      | 830 ||| UPGRADING to +0 cloak.
   835 | D:1      | 835 ||| READING 2 scrolls labelled XARION GUZO.
   835 | D:1      | 835 ||| IDENTIFYING 2 fuming silvery potions
   836 | D:1      | 836 ||| READING scroll of identify.
   836 | D:1      | 836 ||| IDENTIFYING 2 scrolls labelled LENYXI YNIYH
   837 | D:1      | 837 ||| DROPPING 2 scrolls of immolation.
   976 | D:2      | Reached XP level 3. HP: 21/21 MP: 3/3
  1202 | D:2      | Reached skill level 5 in Ranged Weapons
  1276 | D:2      | Reached skill level 3 in Fighting
  1305 | D:2      | 1305 ||| READING scroll labelled PICWOE FEROXI.
  1367 | D:3      | 1367 ||| RETREEAATING.
  1368 | D:3      | 1368 ||| STILL RETREEAATING.
  1369 | D:3      | 1369 ||| Stepping ~*~*~tactically~*~*~ (retreating).
  1371 | D:3      | 1371 ||| Stepping ~*~*~tactically~*~*~ (retreating).
  1374 | D:3      | Reached XP level 4. HP: 14/28 MP: 4/4
  1576 | D:3      | Found Hovvucsi's Weapon Boutique.
  1624 | D:3      | Found Enluh's Assorted Antiques.
  1634 | D:3      | 1634 ||| BUYING fine brass ring (145 gold).
  1634 | D:3      | Bought a fine brass ring for 145 gold pieces
  1634 | D:3      | Identified the ring of Bethrad {Fire Fly rN++ Will- Int+2}
                  | (You bought it in a shop on level 3 of the Dungeon)
  1634 | D:3      | 1634 ||| SHOPLISTING glowing orcbow (188 gold, have 21).
  1634 | D:3      | 1634 ||| SHOPLISTING grey potion (26 gold, have 21).
  1634 | D:3      | 1634 ||| SHOPLISTING orange potion (26 gold, have 21).
  1634 | D:3      | 1634 ||| SHOPLISTING pair of embroidered boots (217 gold,
                  | have 21).
  1634 | D:3      | 1634 ||| SHOPLISTING scroll labelled QOECOY PARA (29 gold,
                  | have 21).
  1634 | D:3      | 1634 ||| SHOPLISTING scroll labelled YCORIBLI YGULU (29
                  | gold, have 21).
  1634 | D:3      | 1634 ||| SHOPLISTING scroll of identify (58 gold, have 21).
  1634 | D:3      | 1634 ||| SHOPLISTING viscous ruby potion (26 gold, have
                  | 21).
  1916 | D:3      | Found Nuom's Distillery.
  1928 | D:3      | 1928 ||| SHOPLISTING 2 potions of enlightenment (140 gold,
                  | have 34).
  1928 | D:3      | 1928 ||| SHOPLISTING potion of curing (42 gold, have 34).
  1928 | D:3      | 1928 ||| SHOPLISTING potion of mutation (112 gold, have
                  | 34).
  1928 | D:3      | 1928 ||| SHOPLISTING potion of resistance (140 gold, have
                  | 34).
  1937 | D:3      | Found a glowing golden altar of the Shining One.
  1966 | D:3      | Found a glowing silver altar of Zin.
  1966 | D:3      | Found a white marble altar of Elyvilon.
  2068 | D:3      | 2068 ||| UPGRADING to ring of Bethrad {Fire Fly rN++ Will-
                  | Int+2}.
  2069 | D:3      | 2069 ||| READING scroll labelled MUD USTUIH HINN.
  2069 | D:3      | 2069 ||| BRANDING +0 shortbow.
  2070 | D:3      | 2070 ||| READING scroll labelled PILEDI BEANG.
  2071 | D:3      | 2071 ||| READING scroll labelled YCORIBLI YGULU.
  2072 | D:3      | 2072 ||| DRINKING 2 orange potions.
  2099 | D:4      | 2099 ||| STAIRDANCE
  2118 | D:4      | 2118 ||| STAIRDANCE
  2124 | D:3      | Reached skill level 6 in Ranged Weapons
  2124 | D:3      | Reached XP level 5. HP: 25/32 MP: 5/5
  2168 | D:4      | Reached skill level 1 in Armour
  2180 | D:4      | HP: 5/32 [orc/+0 mace (4)]
  2324 | D:4      | 2324 ||| Stepping ~*~*~tactically~*~*~ (retreating).
  2325 | D:4      | 2325 ||| Stepping ~*~*~tactically~*~*~ (retreating).
  2327 | D:4      | 2327 ||| RETREEAATING.
  2329 | D:4      | 2329 ||| Stepping ~*~*~tactically~*~*~ (retreating).
  2330 | D:4      | 2330 ||| Stepping ~*~*~tactically~*~*~ (retreating).
  2339 | D:4      | HP: 3/33 [iguana (7)]
  2340 | D:4      | Slain by a gnoll

Levels and vault maps discovered:
D:1:      dpeg_arrival_radiant, layout_loops_ring,
          hellmonk_ecumenical_altar_pennies_from_heaven
D:2:      layout_basic
D:3:      layout_loops_ring, dreamdust_divine_triumvirate, serial_shops, shop,
          nicolae_shop_advertising_works [nicolae_subvault_shop_adworks],
          nicolae_shop_stone, st_stairs_2
D:4:      layout_cave_pools, minmay_distorted, uniq_blork_the_orc

Skill      XL: |  1  2  3  4  5 |
---------------+----------------+-----
Ranged Weapons | 5 6 |  6.0
Fighting       | 3 |  3.8
Armour         | 1 |  1.5
Dodging        | |  1.5
Stealth        | |  1.1

Action                     |  1- 3 |  4- 6 || total
---------------------------+-------+-------++-------
   Fire: Shortbow          |    82 |    93 ||   175
    Use: Scroll            |     4 |     3 ||     7
         Potion            |       |     1 ||     1
 Armour: Leather armour    |    10 |       ||    10
         Robe              |     7 |    72 ||    79
  Dodge: Dodged            |    21 |    66 ||    87

Table legend:
 A = Non-vault XP
 B = Vault XP
 C = Vault XP percentage of total XP
 D = Non-vault monster count
 E = Vault monster count
 F = Vault count percentage of total count
                 A         B        C        D         E       F
            +---------+---------+-------+---------+---------+-------
      Total |     307 |       5 |   1.6 |      57 |       2 |   3.4
            +---------+---------+-------+---------+---------+-------
        D:1 |      24 |       0 |   0.0 |      14 |       0 |   0.0
        D:2 |      46 |       0 |   0.0 |      15 |       0 |   0.0
        D:3 |     117 |       5 |   4.1 |      15 |       2 |  11.8
        D:4 |     120 |       0 |   0.0 |      13 |       0 |   0.0
            +---------+---------+-------+---------+---------+-------
